| TOP OF THE 1ST |
|
Houston Astros batting - Pitching for Seattle Mariners : RHP Cal Quantrill
|
|
Pitching: RHP Cal Quantrill
|
|
|
Batting: LHB Steven Kwan
|
0-0: Ball 1-0: Called Strike 1-1: Foul Ball, location: 7LSFF 1-2: Strikes out swinging
|
|
Batting: RHB Ha-seong Kim
|
0-0: Ball 1-0: Foul Ball, location: 5F 1-1: Foul Ball, location: 3FF 1-2: Ball 2-2: SINGLE (Flyball, 89S, EV 86.9 MPH)
|
|
Batting: LHB Lars Nootbaar
|
0-0: Foul Ball, location: 2F 0-1: Called Strike 0-2: Fielders Choice at 2nd, 4-6 (Groundball, 34, EV 102.5 MPH)
|
|
Batting: LHB Yordan Alvarez
|
0-0: Called Strike 0-1: Foul Ball, location: 7LSF 0-2: Ball 1-2: Foul Ball, location: 7LDF 1-2: Hit by Pitch Lars Nootbaar to second
|
|
Batting: RHB Christian Walker
|
0-0: DOUBLE (Line Drive, 9LM, EV 110.6 MPH) Lars Nootbaar scores Yordan Alvarez to third Runner from 3rd tries for Home, SAFE, throw by RF to trailing runner, SAFE at third!
|
|
Batting: LHB Omar Narvaez
|
0-0: Ball 1-0: Ball 2-0: 2-RUN HOME RUN (Flyball, 9D, EV 99.4 MPH), Distance : 388 ft
|
|
Batting: LHB Trey Cabbage
|
0-0: Ball 1-0: Fly out, F4 (Line Drive, 3D, EV 68.8 MPH)
|
| Top of the 1st over - 4 runs, 3 hits, 0 errors, 0 left on base; Houston 4 - Seattle 0 |
| BOTTOM OF THE 1ST |
|
Seattle Mariners batting - Pitching for Houston Astros : RHP Justin Verlander
|
|
Pitching: RHP Justin Verlander
|
|
|
Batting: RHB Isaiah Kiner-Falefa
|
0-0: Ball 1-0: Ball 2-0: SOLO HOME RUN (Flyball, 9D, EV 100.0 MPH), Distance : 384 ft
|
|
Batting: LHB Trent Grisham
|
0-0: Ball 1-0: Foul Ball, location: 7LMF 1-1: Foul Ball, location: 2F 1-2: Foul Ball, location: 5FF 1-2: Ball 2-2: SOLO HOME RUN (Flyball, 7LD, EV 94.4 MPH), Distance : 347 ft
|
|
Batting: RHB Nick Castellanos
|
0-0: Swinging Strike 0-1: Ball 1-1: Ball 2-1: Called Strike 2-2: Foul Ball, location: 23F 2-2: Strikes out swinging
|
|
Batting: LHB Kyle Schwarber
|
0-0: Ball 1-0: SOLO HOME RUN (Flyball, 7D, EV 104.4 MPH), Distance : 383 ft
|
|
Batting: RHB Marcell Ozuna
|
0-0: Called Strike 0-1: Fly out, F6 (Line Drive, 6, EV 64.4 MPH)
|
|
Batting: RHB Jose Abreu
|
0-0: Ball 1-0: Ball 2-0: Foul Ball, location: 5FF 2-1: Ball 3-1: Foul Ball, location: 3SF 3-2: Foul Ball, location: 2F 3-2: Foul Ball, location: 25F 3-2: Strikes out swinging
|
| Bottom of the 1st over - 3 runs, 3 hits, 0 errors, 0 left on base; Houston 4 - Seattle 3 |
| TOP OF THE 2ND |
|
Houston Astros batting - Pitching for Seattle Mariners : RHP Cal Quantrill
|
|
Batting: RHB Luis Urias
|
0-0: Foul Ball, location: 9LMF 0-1: Swinging Strike 0-2: SINGLE (Line Drive, 56, EV 103.1 MPH)
|
|
Batting: LHB Alek Thomas
|
0-0: Ball 1-0: Ball 2-0: Ball 3-0: Called Strike 3-1: Base on Balls Luis Urias to second
|
|
Batting: LHB Steven Kwan
|
0-0: Ball 1-0: Bunt - Flyout to 2R! F2
|
|
Batting: RHB Ha-seong Kim
|
0-0: SINGLE (Line Drive, 9S, EV 93.8 MPH) Luis Urias to third Alek Thomas to second Runner from 3rd tries for Home, SAFE, throw by RF to home
|
|
Batting: LHB Lars Nootbaar
|
0-0: Ball 1-0: Ball 2-0: Ball 3-0: Called Strike 3-1: Grounds into double play, 5-4-3 (Groundball, 56S, EV 83.8 MPH)
|
| Top of the 2nd over - 1 run, 2 hits, 0 errors, 1 left on base; Houston 5 - Seattle 3 |
| BOTTOM OF THE 2ND |
|
Seattle Mariners batting - Pitching for Houston Astros : RHP Justin Verlander
|
|
Batting: RHB Connor Joe
|
0-0: Ball 1-0: SINGLE (Groundball, 6MD, EV 108.8 MPH)
|
|
Batting: LHB Josh Rojas
|
0-0: Ball 1-0: Ball 2-0: Swinging Strike 2-1: Ball 3-1: Fly out, F7 (Flyball, 78D, EV 101.3 MPH)
|
|
Batting: RHB Elias Diaz
|
0-0: Ball 1-0: Ball 2-0: Foul Ball, location: 3DF 2-1: Swinging Strike 2-2: Ball 3-2: Foul Ball, location: 2F 3-2: Strikes out swinging
|
|
Batting: RHB Isaiah Kiner-Falefa
|
0-0: Ball 1-0: Called Strike Pickoff Throw by Catcher to First - Out!
|
| Bottom of the 2nd over - 0 runs, 1 hit, 0 errors, 0 left on base; Houston 5 - Seattle 3 |
| TOP OF THE 3RD |
|
Houston Astros batting - Pitching for Seattle Mariners : RHP Cal Quantrill
|
|
Batting: LHB Yordan Alvarez
|
0-0: Ball 1-0: Ball 2-0: SINGLE (Groundball, 34D, EV 106.3 MPH)
|
|
Batting: RHB Christian Walker
|
0-0: Called Strike 0-1: Ball 1-1: Called Strike 1-2: Foul Ball, location: 5F 1-2: Ground out 6-3 (Groundball, 56D, EV 100.6 MPH) Yordan Alvarez to second
|
|
Batting: LHB Omar Narvaez
|
0-0: Called Strike 0-1: Foul Ball, location: 3FF 0-2: Strikes out swinging, 2-3 out at first.
|
|
Batting: LHB Trey Cabbage
|
0-0: Foul Ball, location: 2LF 0-1: Ball 1-1: Swinging Strike 1-2: Ball 2-2: Foul Ball, location: 2F 2-2: Strikes out swinging
|
| Top of the 3rd over - 0 runs, 1 hit, 0 errors, 1 left on base; Houston 5 - Seattle 3 |
| BOTTOM OF THE 3RD |
|
Seattle Mariners batting - Pitching for Houston Astros : RHP Justin Verlander
|
|
Batting: RHB Isaiah Kiner-Falefa
|
0-0: Ball 1-0: Called Strike 1-1: Fly out, F8 (Flyball, 8RXD, EV 105.6 MPH)
|
|
Batting: LHB Trent Grisham
|
0-0: Foul Ball, location: 3F 0-1: SINGLE (Line Drive, 7S, EV 95.0 MPH)
|
|
Batting: RHB Nick Castellanos
|
0-0: Called Strike Pickoff Throw to First - Out! 1-3 0-1: Foul Ball, location: 2F 0-2: Ball 1-2: Ball 2-2: Foul Ball, location: 5F 2-2: Strikes out looking
|
| Bottom of the 3rd over - 0 runs, 1 hit, 0 errors, 0 left on base; Houston 5 - Seattle 3 |
| TOP OF THE 4TH |
|
Houston Astros batting - Pitching for Seattle Mariners : RHP Cal Quantrill
|
|
Batting: RHB Luis Urias
|
0-0: Called Strike 0-1: Ball 1-1: Ball 2-1: Foul Ball, location: 2F 2-2: Fly out, F6 (Popup, 6, EV 66.3 MPH)
|
|
Batting: LHB Alek Thomas
|
0-0: Called Strike 0-1: Foul Ball, location: 25FF 0-2: Ground out 5-3 (Groundball, 5, EV 83.1 MPH)
|
|
Batting: LHB Steven Kwan
|
0-0: Ball 1-0: Ball 2-0: Foul Ball, location: 3FF 2-1: SINGLE (Line Drive, 9LS, EV 91.3 MPH)
|
|
Batting: RHB Ha-seong Kim
|
0-0: Ball Steven Kwan steals 2nd base 1-0: Called Strike 1-1: Foul Ball, location: 2F 1-2: Ball 2-2: SINGLE (Groundball, 34D, EV 99.4 MPH) Steven Kwan to third Runner from 3rd tries for Home, SAFE, throw by RF to home Ha-seong Kim to second
|
|
Pitching: RHP Elvis Peguero
|
|
|
Batting: LHB Lars Nootbaar
|
0-0: Ball 1-0: Called Strike 1-1: Ground out U3 (Groundball, 3, EV 92.5 MPH)
|
| Top of the 4th over - 1 run, 2 hits, 0 errors, 1 left on base; Houston 6 - Seattle 3 |
| BOTTOM OF THE 4TH |
|
Seattle Mariners batting - Pitching for Houston Astros : RHP Justin Verlander
|
|
Batting: LHB Kyle Schwarber
|
0-0: Called Strike 0-1: Ball 1-1: SINGLE (Line Drive, 4D, EV 106.3 MPH)
|
|
Batting: RHB Marcell Ozuna
|
0-0: Ball 1-0: Ball 2-0: Called Strike 2-1: Foul Ball, location: 7LSFF 2-2: Ball 3-2: Base on Balls Kyle Schwarber to second
|
|
Batting: RHB Jose Abreu
|
0-0: Called Strike 0-1: Ball 1-1: SINGLE (Line Drive, 6D, EV 96.9 MPH) Kyle Schwarber to third Marcell Ozuna to second
|
|
Batting: RHB Connor Joe
|
0-0: Ball 1-0: Grounds into double play, 5-2-3 (Groundball, 56, EV 99.4 MPH) Marcell Ozuna to third Jose Abreu to second
|
|
Batting: LHB Josh Rojas
|
0-0: Called Strike 0-1: Foul Ball, location: 7LSF 0-2: SINGLE (Groundball, 34D, EV 95.0 MPH) Marcell Ozuna scores Jose Abreu to third Runner from 3rd tries for Home, SAFE, throw by RF to home
|
|
Pitching: RHP Brandon Bielak
|
|
|
Batting: RHB Elias Diaz
|
0-0: Ball 1-0: Called Strike Josh Rojas steals 2nd base 1-1: 2-RUN HOME RUN (Flyball, 7D, EV 102.5 MPH), Distance : 407 ft
|
|
Batting: RHB Isaiah Kiner-Falefa
|
0-0: SINGLE (Line Drive, 56D, EV 103.8 MPH)
|
|
Batting: LHB Trent Grisham
|
0-0: Ball 1-0: Ball 2-0: Fielders Choice at 2nd, 5-4 (Groundball, 56, EV 88.1 MPH)
|
| Bottom of the 4th over - 4 runs, 5 hits, 0 errors, 1 left on base; Houston 6 - Seattle 7 |
| TOP OF THE 5TH |
|
Houston Astros batting - Pitching for Seattle Mariners : RHP Elvis Peguero
|
|
Batting: LHB Yordan Alvarez
|
0-0: Fly out, F8 (Flyball, 8LXD, EV 108.8 MPH)
|
|
Batting: RHB Christian Walker
|
0-0: Called Strike 0-1: Ball 1-1: Ball 2-1: Foul Ball, location: 2F 2-2: Ground out 5-3 (Groundball, 56, EV 90.0 MPH)
|
|
Batting: LHB Omar Narvaez
|
0-0: Ball 1-0: Called Strike 1-1: Ball 2-1: Called Strike 2-2: Foul Ball, location: 5DF 2-2: Foul Ball, location: 3DF 2-2: Ball 3-2: Strikes out swinging
|
| Top of the 5th over - 0 runs, 0 hits, 0 errors, 0 left on base; Houston 6 - Seattle 7 |
| BOTTOM OF THE 5TH |
|
Seattle Mariners batting - Pitching for Houston Astros : RHP Brandon Bielak
|
|
Batting: RHB Nick Castellanos
|
0-0: Called Strike 0-1: Called Strike 0-2: Foul Ball, location: 3SF 0-2: Strikes out looking
|
|
Batting: LHB Kyle Schwarber
|
0-0: Ball 1-0: Foul Ball, location: 7LSF 1-1: Swinging Strike 1-2: Strikes out swinging
|
|
Batting: RHB Marcell Ozuna
|
0-0: Ball 1-0: Called Strike 1-1: Ball 2-1: Swinging Strike 2-2: Ball 3-2: Base on Balls
|
|
Batting: RHB Jose Abreu
|
0-0: Ball 1-0: Fly out, F9 (Flyball, 9D, EV 95.6 MPH)
|
| Bottom of the 5th over - 0 runs, 0 hits, 0 errors, 1 left on base; Houston 6 - Seattle 7 |
| TOP OF THE 6TH |
|
Houston Astros batting - Pitching for Seattle Mariners : RHP Elvis Peguero
|
|
Batting: LHB Trey Cabbage
|
0-0: Ball 1-0: Ball 2-0: Ball 3-0: Base on Balls
|
|
Pitching: LHP Ryan Yarbrough
|
|
|
Batting: RHB Luis Urias
|
0-0: Called Strike 0-1: Foul Ball, location: 3F 0-2: Foul Ball, location: 2F 0-2: Ball 1-2: SINGLE (Groundball, 56D, EV 110.6 MPH) Trey Cabbage to second
|
|
Pinch Hitting: SHB Blake Perkins
|
0-0: Ball 1-0: Called Strike 1-1: Foul Ball, location: 9LSF 1-2: Ball 2-2: Foul Ball, location: 2F 2-2: Ball 3-2: Foul Ball, location: 2F 3-2: Base on Balls Trey Cabbage to third Luis Urias to second
|
|
Batting: LHB Steven Kwan
|
0-0: Ball 1-0: Called Strike 1-1: Ball 2-1: Reached on error, E8 (Flyball, 8RM, EV 90.6 MPH) Trey Cabbage scores Luis Urias to third Blake Perkins to second
|
|
Batting: RHB Ha-seong Kim
|
0-0: Ball 1-0: Called Strike 1-1: Ball 2-1: Ball 3-1: Foul Ball, location: 7LMF 3-2: SINGLE (Groundball, 6MD, EV 110.6 MPH) Luis Urias scores Blake Perkins to third Steven Kwan to second Runner from 3rd tries for Home, SAFE, throw by CF to home Steven Kwan to third Ha-seong Kim to second
|
|
Pitching: LHP Tyler Matzek
|
|
|
Batting: LHB Lars Nootbaar
|
0-0: Ball 1-0: Ball 2-0: Ball 3-0: Base on Balls
|
|
Batting: LHB Yordan Alvarez
|
0-0: Ball 1-0: Ball 2-0: Fly out, F8 (Flyball, 8LS, EV 92.5 MPH)
|
|
Batting: RHB Christian Walker
|
0-0: Ball 1-0: Called Strike 1-1: Ball 2-1: Called Strike 2-2: Foul Ball, location: 7LDF 2-2: Strikes out looking
|
|
Batting: LHB Omar Narvaez
|
0-0: Ball 1-0: Foul Ball, location: 7LMF 1-1: Ball 2-1: Ball 3-1: Called Strike 3-2: SINGLE (Line Drive, 8RS, EV 102.5 MPH) Steven Kwan scores Ha-seong Kim to third Lars Nootbaar to second Ha-seong Kim scores Lars Nootbaar to third
|
|
Pitching: RHP Jake Irvin
|
|
|
Batting: LHB Trey Cabbage
|
0-0: Called Strike 0-1: 3-RUN HOME RUN (Flyball, 9LD, EV 99.4 MPH), Distance : 372 ft
|
|
Batting: RHB Luis Urias
|
0-0: Ball 1-0: Called Strike 1-1: Swinging Strike 1-2: Ball 2-2: Ball 3-2: Ground out 5-3 (Groundball, 56, EV 101.9 MPH)
|
| Top of the 6th over - 8 runs, 4 hits, 1 error, 0 left on base; Houston 14 - Seattle 7 |
| BOTTOM OF THE 6TH |
|
Seattle Mariners batting - Pitching for Houston Astros : RHP Brandon Bielak
|
|
Now in CF: Blake Perkins
|
|
|
Batting: RHB Connor Joe
|
0-0: Ball 1-0: Called Strike 1-1: SINGLE (Groundball, 6MD, EV 94.4 MPH)
|
|
Batting: LHB Josh Rojas
|
0-0: Called Strike 0-1: Ball 1-1: Fly out, F7 (Flyball, 78S, EV 96.9 MPH)
|
|
Batting: RHB Elias Diaz
|
0-0: Called Strike 0-1: Ball 1-1: Foul Ball, location: 9LSF 1-2: Ball 2-2: Strikes out swinging
|
|
Batting: RHB Isaiah Kiner-Falefa
|
0-0: Ball 1-0: Called Strike 1-1: Ball 2-1: Foul Ball, location: 2F 2-2: Strikes out swinging
|
| Bottom of the 6th over - 0 runs, 1 hit, 0 errors, 1 left on base; Houston 14 - Seattle 7 |
| TOP OF THE 7TH |
|
Houston Astros batting - Pitching for Seattle Mariners : RHP Jake Irvin
|
|
Batting: SHB Blake Perkins
|
0-0: Called Strike 0-1: Ball 1-1: Ball 2-1: Ball 3-1: Ground out U3 (Groundball, 34, EV 88.1 MPH)
|
|
Batting: LHB Steven Kwan
|
0-0: Foul Ball, location: 2F 0-1: Called Strike 0-2: Ball 1-2: Ball 2-2: Foul Ball, location: 2F 2-2: Fly out, F5 (Popup, 5SF, EV 71.3 MPH)
|
|
Pitching: RHP Spencer Turnbull
|
|
|
Batting: RHB Ha-seong Kim
|
0-0: Ball 1-0: Ball 2-0: Ball 3-0: Base on Balls
|
|
Batting: LHB Lars Nootbaar
|
0-0: Ball 1-0: Swinging Strike 1-1: Called Strike 1-2: Fly out, F7 (Line Drive, 7S, EV 94.4 MPH)
|
| Top of the 7th over - 0 runs, 0 hits, 0 errors, 1 left on base; Houston 14 - Seattle 7 |
| BOTTOM OF THE 7TH |
|
Seattle Mariners batting - Pitching for Houston Astros : RHP Brandon Bielak
|
|
Pitching: LHP Gabe Speier
|
|
|
Batting: LHB Trent Grisham
|
0-0: Ball 1-0: Ball 2-0: Fly out, F7 (Flyball, 7, EV 96.3 MPH)
|
|
Batting: RHB Nick Castellanos
|
0-0: Ball 1-0: Called Strike 1-1: Foul Ball, location: 5DF 1-2: Ball 2-2: Foul Ball, location: 2F 2-2: Foul Ball, location: 7LMF 2-2: Strikes out looking
|
|
Batting: LHB Kyle Schwarber
|
0-0: Called Strike 0-1: Ball 1-1: Foul Ball, location: 2F 1-2: Strikes out swinging
|
| Bottom of the 7th over - 0 runs, 0 hits, 0 errors, 0 left on base; Houston 14 - Seattle 7 |
| TOP OF THE 8TH |
|
Houston Astros batting - Pitching for Seattle Mariners : RHP Spencer Turnbull
|
|
Batting: LHB Yordan Alvarez
|
0-0: Foul Ball, location: 5DF 0-1: Foul Ball, location: 9LSF 0-2: Ball 1-2: Foul Ball, location: 3DF 1-2: Foul Ball, location: 2F 1-2: Ball 2-2: Ball 3-2: Foul Ball, location: 7LMF 3-2: Base on Balls
|
|
Batting: RHB Christian Walker
|
0-0: Foul Ball, location: 23F 0-1: Ball 1-1: Ball 2-1: Ball 3-1: Base on Balls Yordan Alvarez to second
|
|
Pitching: RHP Bryce Jarvis
|
|
|
Batting: LHB Omar Narvaez
|
0-0: Foul Ball, location: 2F 0-1: Fly out, F8 (Line Drive, 8RM, EV 96.3 MPH)
|
|
Batting: LHB Trey Cabbage
|
0-0: Ball 1-0: Called Strike 1-1: Fielders Choice at 2nd, 3-6 (Groundball, 34S, EV 86.3 MPH) Yordan Alvarez to third
|
|
Batting: RHB Luis Urias
|
0-0: Called Strike 0-1: Ball 1-1: Foul Ball, location: 25FF 1-2: Foul Ball, location: 2F 1-2: Fly out, F8 (Flyball, 8RD, EV 78.8 MPH)
|
| Top of the 8th over - 0 runs, 0 hits, 0 errors, 2 left on base; Houston 14 - Seattle 7 |
| BOTTOM OF THE 8TH |
|
Seattle Mariners batting - Pitching for Houston Astros : LHP Gabe Speier
|
|
Batting: RHB Marcell Ozuna
|
0-0: Called Strike 0-1: Reached on error, E4 (Groundball, 4S, EV 87.5 MPH)
|
|
Batting: RHB Jose Abreu
|
0-0: Reached on error, E6 (Groundball, 6S, EV 85.6 MPH) Marcell Ozuna to second
|
|
Batting: RHB Connor Joe
|
0-0: Ball 1-0: SINGLE (Line Drive, 7S, EV 91.9 MPH) Marcell Ozuna to third Jose Abreu to second
|
|
Pinch Hitting: RHB Xander Bogaerts
|
0-0: Ball 1-0: Foul Ball, location: 2F 1-1: Foul Ball, location: 2F 1-2: Foul Ball, location: 2F 1-2: Ball 2-2: SINGLE (Groundball, 6MD, EV 95.0 MPH) Marcell Ozuna scores Jose Abreu to third Connor Joe to second
|
|
Pitching: LHP Brandon Hughes
|
|
|
Batting: RHB Elias Diaz
|
0-0: Foul Ball, location: 9LDF 0-1: Foul Ball, location: 2F 0-2: Strikes out swinging
|
|
Batting: RHB Isaiah Kiner-Falefa
|
0-0: Grounds into fielders choice 4-2 (Groundball, 4M, EV 88.1 MPH) Connor Joe to third Xander Bogaerts to second
|
|
Batting: LHB Trent Grisham
|
0-0: Called Strike 0-1: Ball 1-1: Foul Ball, location: 2F 1-2: Fielders Choice at 2nd, 6-4 (Groundball, 6, EV 108.1 MPH)
|
| Bottom of the 8th over - 1 run, 2 hits, 2 errors, 3 left on base; Houston 14 - Seattle 8 |
| TOP OF THE 9TH |
|
Houston Astros batting - Pitching for Seattle Mariners : RHP Bryce Jarvis
|
|
Now at 2B: Xander Bogaerts
|
|
|
Batting: SHB Blake Perkins
|
0-0: Ball 1-0: Swinging Strike 1-1: Ground out 6-3 (Groundball, 6, EV 107.5 MPH)
|
|
Batting: LHB Steven Kwan
|
0-0: Foul Ball, location: 2LF 0-1: Swinging Strike 0-2: Ground out 1-3 (Groundball, 15S, EV 65.0 MPH)
|
|
Batting: RHB Ha-seong Kim
|
0-0: Called Strike 0-1: Ball 1-1: Ball 2-1: Swinging Strike 2-2: Ball 3-2: Base on Balls
|
|
Pitching: RHP Bryan Hoeing
|
|
|
Batting: LHB Lars Nootbaar
|
0-0: Ball 1-0: Called Strike 1-1: Called Strike 1-2: Foul Ball, location: 3F 1-2: SINGLE (Line Drive, 4D, EV 107.5 MPH) Ha-seong Kim to second Runner from 2nd tries for 3rd, SAFE, throw by CF made to third
|
|
Now in CF: Lourdes Gurriel
|
|
|
Batting: LHB Yordan Alvarez
|
0-0: Ball 1-0: Ball 2-0: Ball 3-0: Base on Balls Lars Nootbaar to second
|
|
Batting: RHB Christian Walker
|
0-0: Called Strike 0-1: SINGLE (Line Drive, 89S, EV 103.8 MPH) Ha-seong Kim scores Lars Nootbaar to third Yordan Alvarez to second Runner from 3rd tries for Home, SAFE, throw by RF to home
|
|
Batting: LHB Omar Narvaez
|
0-0: Called Strike 0-1: Ball 1-1: Called Strike 1-2: Ground out 4-3 (Groundball, 4, EV 87.5 MPH)
|
| Top of the 9th over - 2 runs, 2 hits, 0 errors, 2 left on base; Houston 16 - Seattle 8 |
| BOTTOM OF THE 9TH |
|
Seattle Mariners batting - Pitching for Houston Astros : LHP Brandon Hughes
|
|
Batting: RHB Nick Castellanos
|
0-0: Swinging Strike 0-1: Foul Ball, location: 5FF 0-2: Foul Ball, location: 2LF 0-2: Foul Ball, location: 5F 0-2: Strikes out swinging
|
|
Batting: LHB Kyle Schwarber
|
0-0: Swinging Strike 0-1: Ball 1-1: Swinging Strike 1-2: Ball 2-2: Strikes out swinging
|
|
Batting: RHB Luke Maile
|
0-0: Ball 1-0: Called Strike 1-1: Foul Ball, location: 9LMF 1-2: Ball 2-2: Strikes out swinging
|
| Bottom of the 9th over - 0 runs, 0 hits, 0 errors, 0 left on base; Houston 16 - Seattle 8 |
|